 Dungeon Crawl Stone Soup version 0.28.0 (webtiles) character file.

Game seed: 2707422503299466204

1915 crazypyro the Spear-Bearer (level 8, -5/66 HPs)
             Began as a Minotaur Fighter on Feb 8, 2022.
             Was a Priest of Okawaru.
             Killed from afar by an electric eel (10 damage)
             ... with a bolt of electricity
             ... on level 6 of the Dungeon.
             The game lasted 00:05:49 (5253 turns).

crazypyro the Spear-Bearer (Minotaur Fighter)       Turns: 5253, Time: 00:05:49

Health: -5/66      AC: 12    Str: 27    XL:     8   Next: 95%
Magic:  7/7        EV: 11    Int:  5    God:    Okawaru [***...]
Gold:   187        SH:  4    Dex: 10    Spells: 7/7 levels left

rFire   . . .      SeeInvis .   l - +10 spear "Teygh" {drain, Fragile rC++ Str+4}
rCold   + + +      Faith    .   c - +0 buckler
rNeg    . . .      Spirit   .   e - +1 scale mail {rPois}
rPois   +          Reflect  .   (helmet restricted)
rElec   .          Harm     .   n - +0 cloak
rCorr   .          Rampage  .   (no gloves)
Will    .....                   s - +0 pair of boots
Stlth   ..........              (no amulet)
HPRegen 0.21/turn               i - ring of protection from cold
MPRegen 0.10/turn               p - ring of flight

@: flying
A: horns 2, retaliatory headbutt, iridescent scales 1, wild magic 1, MP-powered
wands
a: Renounce Religion, Heroism


You were on level 6 of the Dungeon.
You worshipped Okawaru.
Okawaru was most pleased with you.
You visited 2 branches of the dungeon, and saw 7 of its levels.

You collected 343 gold pieces.
You spent 156 gold pieces at shops.

Inventory:

Hand Weapons
 a - a +0 war axe
 l - the +10 spear "Teygh" (weapon) {drain, Fragile rC++ Str+4}
   (You found it on level 2 of the Dungeon)

   A truly terrible weapon, it drains the life of any living foe it strikes.
   Str:       It affects your strength (+4).
   rC:        It greatly protects you from cold.
   Fragile:   It will be destroyed if unequipped.
Armour
 b - a +0 scale mail
 c - a +0 buckler (worn)
 e - a +1 scale mail of poison resistance (worn)
 n - a +0 cloak (worn)
 s - a +0 pair of boots (worn)
Jewellery
 i - a ring of protection from cold (left hand)
 p - a ring of flight (right hand)
Wands
 u - a wand of acid (10)
 v - a wand of flame (11)
Scrolls
 f - 2 scrolls of teleportation {unknown}
 g - a scroll of vulnerability {unknown}
 h - 4 scrolls of amnesia {unknown}
 j - 2 scrolls of enchant weapon {unknown}
 m - 3 scrolls of enchant armour {unknown}
 q - a scroll of magic mapping {unknown}
 r - 5 scrolls of identify {unknown}
 x - a scroll of acquirement {unknown}
Potions
 d - 3 potions of might
 k - a potion of brilliance
 o - a potion of ambrosia
 t - 4 potions of attraction {unknown}
 w - 3 potions of flight {unknown}


   Skills:
 - Level 4.1 Fighting
 - Level 3.1(7.7) Axes
 * Level 11.0(11.2) Polearms
 - Level 4.2 Armour
 + Level 6.4 Dodging
 - Level 4.1 Shields


You had 7 spell levels left.
You didn't know any spells.
Your spell library contained the following spells:

 Spells                   Type           Power      Damage    Failure   Level
 Slow                     Hex            0%         N/A       88%         1
 Confusing Touch          Hex            0%         N/A       99%         3
 Gell's Gravitas          Tloc           0%         N/A       99%         3
 Teleport Other           Tloc           0%         N/A       99%         3
 Vampiric Draining        Necr           0%         2d6       99%         3
 Dispersal                Tloc           0%         N/A       100%        6


Dungeon Overview and Level Annotations

Branches:
Dungeon (6/15)             Temple (1/1) D:4

Altars:
Elyvilon
Fedhas
Hepliaklqana
Kikubaaqudgha
Nemelex Xobeh
Okawaru
Ru
Sif Muna
Trog
Vehumet
Wu Jian
Xom

Shops:
D:1 *   D:4 *[   D:6 *


Innate Abilities, Weirdness & Mutations

You have a pair of horns on your head.
You reflexively headbutt those who attack you in melee.
You are partially covered in iridescent scales. (AC +2)
Your spells are a little harder to cast, but a little more powerful.
You expend magic power (3 MP) to strengthen your wands.


Message History

The steam dragon breathes steam at you. The ball of steam hits you!!
No target in view!
No target in view!
No target in view!
You see here a +0 short sword.
You closely miss the steam dragon. The steam dragon bites you.
You block the steam dragon's attack.
An electric eel comes into view.
You hit the steam dragon.
The steam dragon is lightly wounded.
You puncture the steam dragon! You drain the steam dragon.
The steam dragon is severely wounded.
The steam dragon breathes steam at you. The ball of steam hits you!
You are too injured to fight recklessly!
You are too injured to fight recklessly!
You puncture the steam dragon!
You kill the steam dragon!
Okawaru accepts your kill.
Okawaru will now gift you ammunition as you gain piety.
You are engulfed in a cloud of scalding steam.
Your Polearms skill increases to level 11!
You are engulfed in a cloud of scalding steam.
The electric eel shoots out a bolt of lightning at you!
The bolt of electricity misses you.
The electric eel shoots out a bolt of lightning at you!
The bolt of electricity hits you!
* * * LOW HITPOINT WARNING * * *
An electric eel comes into view.
The electric eel shoots out a bolt of lightning at you!
The bolt of electricity hits the electric eel.
The electric eel completely resists.
The bolt of electricity hits you!
* * * LOW HITPOINT WARNING * * *
The electric eel shoots out a bolt of lightning at you!
The bolt of electricity hits you.
* * * LOW HITPOINT WARNING * * *
The electric eel shoots out a bolt of lightning at you!
The bolt of electricity hits you!
You die...

..................
..................
.######.#..#####.. .#
#........# .## .#
#..#..#### ..# .#
#..#.########.##
.#####......#....#..###.#
..............))..).....#
#.......###.....@...#####
'.......+.....###..).#
#.......###...##.....###
.....####
#...##≈S≈≈≈≈≈≈... .....#
#####≈≈≈≈≈≈≈≈≈≈.. .....#
#≈≈#+#≈≈###≈≈. .....#
.s≈≈ #≈S# ≈. .....# .[.≈≈
#≈≈# . #..... .....≈≈
≈≈≈≈


You could see 2 electric eels.

Vanquished Creatures
  A troll (D:6)
  A steam dragon (D:6)
  3 water moccasins
  2 black bears (D:5)
  An ice beast (D:6)
  An ogre (D:5)
  2 necrophages
  A scorpion (D:5)
  A water moccasin zombie (D:5)
  3 wights (D:6)
  A centaur zombie (D:6)
  An orc priest (D:6)
  A gnoll shaman (D:5)
  An iguana (D:6)
  2 orc wizards
  A killer bee zombie (D:6)
  2 hound skeletons (D:4)
  A howler monkey zombie (D:5)
  10 gnolls
  8 adders
  An ufetubus (D:4)
  An adder skeleton (D:4)
  2 worms
  3 dart slugs
  7 orcs
  4 endoplasms
  A giant cockroach (D:1)
  6 goblins
  9 hobgoblins
  8 jackals
  12 kobolds
  8 quokkas
  12 ball pythons
  3 bats
  2 frilled lizards
  5 rats
128 creatures vanquished.

Notes
Turn   | Place    | Note
-------+----------+-------------------------------------------
     0 | D:1      | crazypyro the Minotaur Fighter began the quest for the Orb.
     0 | D:1      | Reached XP level 1. HP: 19/19 MP: 0/0
    29 | D:1      | Reached XP level 2. HP: 19/27 MP: 1/1
   255 | D:1      | Found Uckeas's Assorted Antiques.
   433 | D:1      | Reached XP level 3. HP: 33/33 MP: 2/2
   972 | D:2      | Identified the +10 spear "Teygh" {drain, Fragile rC++
                  | Str+4}
   987 | D:2      | Reached skill level 1 in Polearms
  1039 | D:2      | Reached XP level 4. HP: 38/40 MP: 3/3
  1099 | D:2      | Reached skill level 2 in Polearms
  1544 | D:3      | Found a faded altar of an unknown god.
  1915 | D:3      | Reached skill level 3 in Polearms
  2190 | D:3      | Found an ancient bone altar of Kikubaaqudgha.
  2468 | D:4      | Reached skill level 4 in Polearms
  2468 | D:4      | Reached XP level 5. HP: 46/46 MP: 4/4
  2681 | D:4      | Noticed a necrophage
  2687 | D:4      | Killed a necrophage
  2688 | D:4      | Reached skill level 5 in Polearms
  2688 | D:4      | Reached skill level 1 in Dodging
  2876 | D:4      | Found a staircase to the Ecumenical Temple.
  2892 | Temple   | Entered the Ecumenical Temple
  2950 | Temple   | Became a worshipper of Warmaster Okawaru
  3053 | D:4      | Found Nydad's Serpentskin Sales.
  3053 | D:4      | Noticed a water moccasin
  3054 | D:4      | Noticed a water moccasin
  3059 | D:4      | Killed a water moccasin
  3060 | D:4      | Reached skill level 6 in Polearms
  3060 | D:4      | Reached XP level 6. HP: 32/52 MP: 5/5
  3063 | D:4      | Killed a water moccasin
  3069 | D:4      | Gained mutation: You expend magic power (3 MP) to
                  | strengthen your wands. [potion of mutation]
  3069 | D:4      | Gained mutation: Your spells are a little harder to cast,
                  | but a little more powerful. [potion of mutation]
  3069 | D:4      | Gained mutation: You are partially covered in iridescent
                  | scales. (AC +2) [potion of mutation]
  3305 | D:4      | Bought a +1 scale mail of poison resistance for 156 gold
                  | pieces
  3351 | D:4      | Found Vadgh's Antique Armour Shoppe.
  3505 | D:4      | Reached XP level 7. HP: 59/59 MP: 6/6
  3691 | D:5      | Entered Level 5 of the Dungeon
  3700 | D:5      | Reached skill level 7 in Polearms
  3748 | D:5      | Reached * piety under Okawaru
  3904 | D:5      | Reached skill level 8 in Polearms
  4574 | D:5      | Reached XP level 8. HP: 64/66 MP: 7/7
  4620 | D:5      | Reached skill level 9 in Polearms
  4702 | D:6      | Found Benar's Bounteous Boutique.
  4779 | D:6      | Reached ** piety under Okawaru
  4780 | D:6      | Reached skill level 5 in Dodging
  4901 | D:6      | Noticed a troll
  4916 | D:6      | Killed a troll
  4917 | D:6      | Reached skill level 10 in Polearms
  5092 | D:6      | Identified the +4 hand crossbow "Sesou" {flame, rPois
                  | Int+2}
  5245 | D:6      | Reached *** piety under Okawaru
  5246 | D:6      | Reached skill level 11 in Polearms
  5253 | D:6      | Killed from afar by an electric eel

Illustrated notes

Levels and vault maps discovered:
D:1:      onia_arrival_pyramid, layout_rooms, serial_shops,
          nicolae_shop_behind_doors
D:2:      layout_basic, minmay_pentomino_r4
D:3:      layout_basic, mainiacjoe_overflow_brackets,
          ebering_ecumenical_altar_rust, minmay_misc_feat_chi,
          dk_noncrumbling_2, hex_medium
D:4:      minmay_chambers_of_threes, layout_loops_ring,
          minmay_temple_entry_purple_smoke, serial_shops, shop,
          guppyfry_shop_venom
D:5:      layout_basic
D:6:      layout_basic, nicolae_alphabet_shops, minmay_misc_feat_pillars,
          water_boxes_lemuel
Temple:   minmay_crystal_snake_temple

Skill      XL: |  1  2  3  4  5  6  7  8 |
---------------+-------------------------+-----
Armour         | 4 |  4.2
Fighting       | 4 |  4.1
Shields        | 4 |  4.1
Axes           | 3 |  3.1
Polearms       | 1 4 6 8 11 | 11.0
Dodging        | 2 4 6 |  6.4

Action                   |  1- 3 |  4- 6 |  7- 9 || total
-------------------------+-------+-------+-------++-------
Melee: War axe           |    84 |       |       ||    84
       Headbutt          |     7 |     4 |    10 ||    21
       Spear             |     8 |    87 |   121 ||   216
  Use: Potion            |       |     5 |       ||     5
Armor: Scale mail        |    44 |    10 |    32 ||    86
Dodge: Dodged            |    51 |    15 |    34 ||   100
Block: Buckler           |    21 |     4 |    13 ||    38
